ORI
COASTAL CAROLINA UNIVERSITY CHANTICLEERS @ UNIVERSITY OF ALABAMA CRIMSON TIDE
07/22/2049
 
TOP OF THE 1ST
Coastal Carolina University Chanticleers batting - Pitching for University of Alabama Crimson Tide : RHP Javier Rubles
Pitching: RHP Javier Rubles
Batting: LHB Cheol-chung Joe 0-0: Called Strike
0-1: Fly out, F7 (Flyball, 7S, EV 94.4 MPH)
Batting: RHB Rene Napoles 0-0: Ball
1-0: Ground out 4-3 (Groundball, 4, EV 107.5 MPH)
Batting: LHB Justin Sanders 0-0: Swinging Strike
0-1: Called Strike
0-2: Strikes out looking
Top of the 1st over - 0 runs, 0 hits, 0 errors, 0 left on base; Coastal Carolina University 0 - University of Alabama 0
BOTTOM OF THE 1ST
University of Alabama Crimson Tide batting - Pitching for Coastal Carolina University Chanticleers : LHP Rocco Calvocoressi
Pitching: LHP Rocco Calvocoressi
Batting: RHB Danny Rosario 0-0: Foul Ball, location: 2F
0-1: DOUBLE (Line Drive, 9LS, EV 103.8 MPH) - OUT at third base trying to stretch hit.
Batting: RHB B.J. Clark 0-0: Called Strike
0-1: Called Strike
0-2: Strikes out swinging
Batting: RHB Justin Gray 0-0: Called Strike
0-1: Ball
1-1: Ball
2-1: Called Strike
2-2: Strikes out swinging
Bottom of the 1st over - 0 runs, 1 hit, 0 errors, 0 left on base; Coastal Carolina University 0 - University of Alabama 0
TOP OF THE 2ND
Coastal Carolina University Chanticleers batting - Pitching for University of Alabama Crimson Tide : RHP Javier Rubles
Batting: RHB Tristan Walsh 0-0: Fly out, F9 (Line Drive, 9, EV 95.0 MPH)
Batting: RHB Kees Vroom 0-0: Reached on error, E6 (Groundball, 6, EV 81.2 MPH)
Batting: SHB Iher Waithaka 0-0: Swinging Strike
0-1: Foul Ball, location: 2F
0-2: Ground out 6-3 (Groundball, 6, EV 96.2 MPH)
Batting: LHB Kevin Lech 0-0: Ball
1-0: Ball
2-0: Ball
3-0: Called Strike
3-1: Called Strike
3-2: Strikes out swinging
Top of the 2nd over - 0 runs, 0 hits, 1 error, 1 left on base; Coastal Carolina University 0 - University of Alabama 0
BOTTOM OF THE 2ND
University of Alabama Crimson Tide batting - Pitching for Coastal Carolina University Chanticleers : LHP Rocco Calvocoressi
Batting: RHB Al Lara 0-0: Ball
1-0: Ball
2-0: Ball
3-0: Called Strike
3-1: Fly out, F8 (Flyball, 8RD, EV 98.1 MPH)
Batting: RHB Hughie Withers 0-0: Ball
1-0: Called Strike
1-1: Fly out, F7 (Flyball, 78M, EV 98.1 MPH)
Batting: LHB Platon Protopsaltis 0-0: Ball
1-0: Foul Ball, location: 2F
1-1: Fly out, F8 (Line Drive, 8LM, EV 90.0 MPH)
Bottom of the 2nd over - 0 runs, 0 hits, 0 errors, 0 left on base; Coastal Carolina University 0 - University of Alabama 0
TOP OF THE 3RD
Coastal Carolina University Chanticleers batting - Pitching for University of Alabama Crimson Tide : RHP Javier Rubles
Batting: RHB Ling-kung Hsing 0-0: Called Strike
0-1: SINGLE (Groundball, 5D, EV 105.6 MPH)
Batting: RHB Gabe Bravo 0-0: Fielders Choice at 2nd, 6-4 (Groundball, 6M, EV 109.4 MPH)
Batting: LHB Cheol-chung Joe 0-0: Ball
1-0: Fielders Choice at 2nd, 1-6 (Groundball, 34S, EV 72.5 MPH)
Pitching: RHP Kirk James
Batting: RHB Rene Napoles 0-0: Ball
1-0: Ground out 4-3 (Groundball, 34, EV 76.9 MPH)
Top of the 3rd over - 0 runs, 1 hit, 0 errors, 1 left on base; Coastal Carolina University 0 - University of Alabama 0
BOTTOM OF THE 3RD
University of Alabama Crimson Tide batting - Pitching for Coastal Carolina University Chanticleers : LHP Rocco Calvocoressi
Batting: RHB Matt Aponte 0-0: Swinging Strike
0-1: Ball
1-1: Ball
2-1: Swinging Strike
2-2: Strikes out swinging
Batting: RHB Gualtiero Fagnini 0-0: Ball
1-0: SOLO HOME RUN (Line Drive, 89XD, EV 106.2 MPH), Distance : 436 ft
Batting: LHB Xiao-yan Wie 0-0: Ground out 6-3 (Groundball, 6, EV 100.0 MPH)
Batting: RHB Danny Rosario 0-0: Ball
1-0: Ball
2-0: Ball
3-0: Called Strike
3-1: Fly out, F9 (Flyball, 9S, EV 90.0 MPH)
Bottom of the 3rd over - 1 run, 1 hit, 0 errors, 0 left on base; Coastal Carolina University 0 - University of Alabama 1
TOP OF THE 4TH
Coastal Carolina University Chanticleers batting - Pitching for University of Alabama Crimson Tide : RHP Kirk James
Batting: LHB Justin Sanders 0-0: Fly out, F5 (Line Drive, 56, EV 70.6 MPH)
Batting: RHB Tristan Walsh 0-0: Ball
1-0: Ball
2-0: Ground out 1-3 (Groundball, 34S, EV 71.2 MPH)
Batting: RHB Kees Vroom 0-0: Ball
1-0: Ball
2-0: Fly out, F9 (Flyball, 9, EV 86.2 MPH)
Top of the 4th over - 0 runs, 0 hits, 0 errors, 0 left on base; Coastal Carolina University 0 - University of Alabama 1
BOTTOM OF THE 4TH
University of Alabama Crimson Tide batting - Pitching for Coastal Carolina University Chanticleers : LHP Rocco Calvocoressi
Batting: RHB B.J. Clark 0-0: Called Strike
0-1: Swinging Strike
0-2: Ground out 6-3 (Groundball, 6, EV 85.0 MPH)
Batting: RHB Justin Gray 0-0: Swinging Strike
0-1: Foul Ball, location: 2F
0-2: Strikes out swinging
Batting: RHB Al Lara 0-0: Foul Ball, location: 2F
0-1: Ball
1-1: Swinging Strike
1-2: Ball
2-2: Fly out, F7 (Flyball, 7, EV 86.9 MPH)
Bottom of the 4th over - 0 runs, 0 hits, 0 errors, 0 left on base; Coastal Carolina University 0 - University of Alabama 1
TOP OF THE 5TH
Coastal Carolina University Chanticleers batting - Pitching for University of Alabama Crimson Tide : RHP Kirk James
Now at 3B: Mike Bidwell
Now in CF: John Hicken
Batting: SHB Iher Waithaka 0-0: Ball
1-0: Ball
2-0: Swinging Strike
2-1: Ball
3-1: Called Strike
3-2: Strikes out looking
Batting: LHB Kevin Lech 0-0: Ball
1-0: Ball
2-0: Ball
3-0: Base on Balls
Pinch Hitting: RHB Mark Tart 0-0: Ball
1-0: Called Strike
1-1: Ball
Balk!
Kevin Lech to second
2-1: Ball
3-1: Foul Ball, location: 2F
3-2: SINGLE (Flyball, 3D, EV 85.0 MPH)
Kevin Lech to third
Batting: RHB Gabe Bravo 0-0: Ball
Wild Pitch!
Kevin Lech scores
Mark Tart to second
1-0: Foul Ball, location: 2F
1-1: Ball
Passed Ball!
Mark Tart to third
2-1: Ball
3-1: Foul Ball, location: 2F
3-2: Base on Balls
Batting: LHB Cheol-chung Joe
Pinch Hitting: RHB Tristan Williams 0-0: Ball
1-0: Ball
Gabe Bravo is caught stealing 2nd base 2-4
2-0: Swinging Strike
2-1: Fly out, F8 (Flyball, 89D, EV 88.8 MPH)
Top of the 5th over - 1 run, 1 hit, 0 errors, 1 left on base; Coastal Carolina University 1 - University of Alabama 1
BOTTOM OF THE 5TH
University of Alabama Crimson Tide batting - Pitching for Coastal Carolina University Chanticleers : LHP Rocco Calvocoressi
Now at C: Jeremy Stockwell
Now at 1B: Tim Kirby
Now at 2B: Ferri Casteleijn
Now in LF: Tristan Williams
Batting: RHB Hughie Withers 0-0: Called Strike
0-1: Ground out 6-3 (Groundball, 56, EV 104.4 MPH)
Batting: LHB Platon Protopsaltis 0-0: Ground out 3-1 (Groundball, 34, EV 103.1 MPH)
Batting: RHB Matt Aponte 0-0: Ball
1-0: DOUBLE (Groundball, 3L, EV 103.8 MPH)
Batting: RHB Gualtiero Fagnini 0-0: Called Strike
0-1: Called Strike
0-2: Ball
1-2: Strikes out swinging
Bottom of the 5th over - 0 runs, 1 hit, 0 errors, 1 left on base; Coastal Carolina University 1 - University of Alabama 1
TOP OF THE 6TH
Coastal Carolina University Chanticleers batting - Pitching for University of Alabama Crimson Tide : RHP Kirk James
Pitching: RHP Victor Carillo
Now in LF: Matt Barkley
Now in RF: Andrew Robison
Batting: RHB Rene Napoles 0-0: Called Strike
0-1: Ball
1-1: Called Strike
1-2: Ball
2-2: Ball
3-2: Base on Balls
Pinch Hitting: RHB Chris McDaniel 0-0: Called Strike
0-1: Swinging Strike
0-2: Strikes out swinging
Batting: LHB Nate Kokx 0-0: Called Strike
Rene Napoles steals 2nd base
0-1: Called Strike
0-2: Ball
1-2: Ball
2-2: Strikes out swinging, 2-3 out at first.
Batting: LHB Tim Kirby 0-0: Called Strike
0-1: Ball
1-1: Ball
2-1: Swinging Strike
2-2: Ball
3-2: Foul Ball, location: 2F
3-2: Base on Balls
Batting: SHB Iher Waithaka 0-0: Called Strike
0-1: Foul Ball, location: 2F
0-2: Ball
1-2: Reached via error on a dropped throw from 3B, E4 (Groundball, 56, EV 85.0 MPH)
Rene Napoles to third
Tim Kirby to second
Batting: LHB Kevin Lech 0-0: Called Strike
0-1: Ball
1-1: SINGLE (Line Drive, 9LS, EV 95.6 MPH)
Rene Napoles scores
Tim Kirby to third
Iher Waithaka to second
Runner from 3rd tries for Home, throw by RF and OUT! 9-2
Top of the 6th over - 1 run, 1 hit, 1 error, 2 left on base; Coastal Carolina University 2 - University of Alabama 1
BOTTOM OF THE 6TH
University of Alabama Crimson Tide batting - Pitching for Coastal Carolina University Chanticleers : LHP Rocco Calvocoressi
Now at 1B: Jason Melek
Now at 3B: Tim Kirby
Now in RF: Milo Karadzic
Batting: LHB Xiao-yan Wie 0-0: Called Strike
0-1: SOLO HOME RUN (Flyball, 8LXD, EV 116.9 MPH), Distance : 456 ft
Batting: RHB John Hicken 0-0: Foul Ball, location: 2F
0-1: Bunt missed!
0-2: Ball
1-2: Ball
2-2: Ball
3-2: Foul Ball, location: 2F
3-2: SINGLE (Groundball, 56D, EV 95.0 MPH)
Batting: SHB Mike Bidwell 0-0: Ball
1-0: Called Strike
1-1: Ball
2-1: Foul Ball, location: 2F
2-2: Strikes out swinging
Pitching: RHP Clint Major
Batting: RHB Danny Jaramillo 0-0: Called Strike
John Hicken steals 2nd base
0-1: Foul Ball, location: 2F
0-2: SINGLE (Groundball, 6, EV 105.6 MPH)
John Hicken to third
Batting: LHB Matt Barkley 0-0: Ball
1-0: Foul Ball, location: 2F
1-1: Called Strike
1-2: Fly out, F7 (Line Drive, 78M, EV 98.8 MPH)
Runner from 3rd tags up, SCORES, throw by LF
Pinch Hitting: RHB Jong-your Lee 0-0: Called Strike
0-1: Fielders Choice at 2nd, 6-4 (Groundball, 6, EV 81.9 MPH)
Bottom of the 6th over - 2 runs, 3 hits, 0 errors, 1 left on base; Coastal Carolina University 2 - University of Alabama 3
TOP OF THE 7TH
Coastal Carolina University Chanticleers batting - Pitching for University of Alabama Crimson Tide : RHP Victor Carillo
Pitching: LHP Alan Sullivan
Now at 2B: Rodrik Gardner
Batting: RHB Ferri Casteleijn 0-0: Ground out 6-3 (Groundball, 56, EV 108.8 MPH)
Batting: LHB Jeremy Stockwell 0-0: Ball
1-0: Foul Ball, location: 2F
1-1: Foul Ball, location: 2F
1-2: Ball
2-2: Foul Ball, location: 2F
2-2: Ball
3-2: Strikes out swinging
Batting: RHB Tristan Williams 0-0: Called Strike
0-1: Called Strike
0-2: Ball
1-2: Reached on error, E5 (Groundball, 56, EV 82.5 MPH)
Batting: RHB Rene Napoles 0-0: Ball
1-0: Called Strike
1-1: Ball
2-1: Ball
3-1: Fly out, F9 (Flyball, 9S, EV 86.9 MPH)
Top of the 7th over - 0 runs, 0 hits, 1 error, 1 left on base; Coastal Carolina University 2 - University of Alabama 3
BOTTOM OF THE 7TH
University of Alabama Crimson Tide batting - Pitching for Coastal Carolina University Chanticleers : RHP Clint Major
Pitching: RHP Eddie Larnach
Batting: LHB Platon Protopsaltis 0-0: Ball
1-0: Ground out 3-1 (Groundball, 34, EV 106.9 MPH)
Pinch Hitting: RHB Onorato Zacagnini 0-0: Foul Ball, location: 2F
0-1: Swinging Strike
0-2: Foul Ball, location: 2F
0-2: Strikes out swinging
Batting: SHB Andrew Robison 0-0: Foul Ball, location: 2F
0-1: Ball
1-1: Ball
2-1: Foul Ball, location: 2F
2-2: Strikes out looking
Bottom of the 7th over - 0 runs, 0 hits, 0 errors, 0 left on base; Coastal Carolina University 2 - University of Alabama 3
TOP OF THE 8TH
Coastal Carolina University Chanticleers batting - Pitching for University of Alabama Crimson Tide : LHP Alan Sullivan
Now at 1B: Onorato Zacagnini
Batting: LHB Milo Karadzic 0-0: Called Strike
0-1: Fly out, F8 (Flyball, 78M, EV 81.9 MPH)
Batting: RHB Johnnie Cowan 0-0: Ground out 6-3 (Groundball, 6, EV 86.2 MPH)
Batting: LHB Tim Kirby 0-0: Swinging Strike
0-1: Foul Ball, location: 2F
0-2: Foul Ball, location: 2F
0-2: Ball
1-2: SINGLE (Line Drive, 7LM, EV 104.4 MPH)
Batting: SHB Iher Waithaka 0-0: Foul Ball, location: 2F
0-1: Fly out, F3 (Popup, 23, EV 82.5 MPH)
Top of the 8th over - 0 runs, 1 hit, 0 errors, 1 left on base; Coastal Carolina University 2 - University of Alabama 3
BOTTOM OF THE 8TH
University of Alabama Crimson Tide batting - Pitching for Coastal Carolina University Chanticleers : RHP Eddie Larnach
Pitching: LHP Caleb Rohde
Batting: LHB Xiao-yan Wie 0-0: Foul Ball, location: 2F
0-1: Foul Ball, location: 2F
0-2: Ball
1-2: SINGLE (Flyball, 5D, EV 89.4 MPH)
Batting: RHB John Hicken 0-0: Bunt missed!
0-1: Bunted foul
0-2: Strikes out looking
Batting: SHB Mike Bidwell 0-0: Ball
1-0: Ball
2-0: Grounds into double play, 3-6-3 (Groundball, 3S, EV 85.0 MPH)
Bottom of the 8th over - 0 runs, 1 hit, 0 errors, 0 left on base; Coastal Carolina University 2 - University of Alabama 3
TOP OF THE 9TH
Coastal Carolina University Chanticleers batting - Pitching for University of Alabama Crimson Tide : LHP Alan Sullivan
Pitching: LHP Juan Cardenas
Pinch Hitting: RHB Dennis Margolis 0-0: Ground out 4-3 (Groundball, 4, EV 86.9 MPH)
Batting: RHB Ferri Casteleijn 0-0: Ball
1-0: Ball
2-0: SINGLE (Groundball, 4D, EV 94.4 MPH)
Pinch Hitting: RHB Mike Grogan 0-0: Ball
Ferri Casteleijn steals 2nd, throwing error, E2
Ferri Casteleijn to third
Squeeze bunt is on, Ferri Casteleijn is out
1-1: Swinging Strike
1-2: Ball
2-2: Strikes out looking
Top of the 9th over - 0 runs, 1 hit, 1 error, 0 left on base; Coastal Carolina University 2 - University of Alabama 3
Sunday, July 16th , 2023 - OOTP Baseball 24.6 Build 69